 Dungeon Crawl Stone Soup version 0.21.0-3-g78d12a8bdd (webtiles) character file.

29929 Robohuj the Bewitcher (level 13, -20/93 HPs)
             Began as a Formicid Enchanter on Jan 8, 2018.
             Was a High Priest of Sif Muna.
             Killed from afar by a fire dragon (27 damage)
             ... with a blast of flame
             ... on level 14 of the Dungeon on Jan 9, 2018.
             The game lasted 01:45:02 (20179 turns).

Robohuj the Bewitcher (Formicid Enchanter)         Turns: 20179, Time: 01:45:02

Health: -20/93     AC: 15    Str: 17    XL:     13   Next: 84%
Magic:  27/27      EV: 12    Int: 16    God:    Sif Muna [*****.]
Gold:   917        SH:  0    Dex: 11    Spells: 26/32 levels left

rFire    . . .     SeeInvis +   a - +2 dagger (venom)
rCold    . . .     Gourm    .   y - +0 buckler
rNeg     . . .     Faith    +   o - +2 ring mail of Vozifo {rElec Regen+}
rPois    .         Spirit   .   (helmet unavailable)
rElec    +         Reflect  .   (no cloak)
rCorr    .         Harm     .   w - +0 pair of gloves
MR       +....                  (no boots)
Stlth    +.........             e - amulet of faith
HPRegen  0.65/turn              C - +3 ring of protection
MPRegen  0.20/turn              x - +3 ring of protection

@: confused
A: permanent stasis, dig shafts and tunnels, four strong arms, antennae 3
a: Dig, Shaft Self, Divine Energy, Channel Magic, Forget Spell, Renounce
Religion


You were on level 14 of the Dungeon.
You worshipped Sif Muna.
Sif Muna was extremely pleased with you.
You were not hungry.

You visited 3 branches of the dungeon, and saw 16 of its levels.
You also visited: Labyrinth and Bailey.

You collected 917 gold pieces.

Inventory:

Hand Weapons
 a - a +2 dagger of venom (weapon)
 b - a +2 falchion of holy wrath
 c - a +2 flail of draining
 d - a +3 scimitar of freezing
 F - a +4 short sword of freezing
 K - a +2 dagger of pain
 N - a +3 long sword
Armour
 h - a +3 ring mail of cold resistance
 i - a +2 robe of fire resistance
 o - the +2 ring mail of Vozifo (worn) {rElec Regen+}
   (You found it on level 5 of the Dungeon)

   It insulates you from electricity.
   It increases your rate of regeneration.
 w - a +0 pair of gloves (worn)
 y - a +0 buckler (worn)
Jewellery
 e - an amulet of faith (around neck)
 s - an uncursed ring of positive energy
 u - an uncursed ring of resist corrosion
 v - an uncursed amulet of the gourmand {unknown}
 x - a +3 ring of protection (right hand)
 C - a +3 ring of protection (left hand)
 E - an uncursed ring of protection from cold
Wands
 n - a wand of enslavement (13)
Scrolls
 k - 4 scrolls of magic mapping
 p - 2 scrolls of enchant weapon
 t - a scroll of blinking {unknown}
 z - 4 scrolls of identify
 L - a scroll of fog {unknown}
 M - a scroll of immolation {unknown}
Potions
 g - 4 potions of mutation {unknown}
 j - 3 potions of curing
 m - 3 potions of agility {unknown}
 q - a potion of ambrosia
 r - a potion of degeneration {unknown}
 A - a potion of flight {unknown}
 D - 3 potions of lignification {unknown}
 G - 3 potions of might {unknown}
Books
 l - Oworuuh's Tome of Shape Shifting
   (Sif Muna gifted it to you on level 10 of the Dungeon)

   Spells                             Type                      Level
   a - Spider Form                    Transmutation/Poison         3
   b - Petrify                        Transmutation/Earth          4
   c - Irradiate                      Conjuration/Transmutation    5
   d - Dragon Form                    Transmutation                7
 B - the Incunabulum of Supportive Contamination
   (You found it on level 11 of the Dungeon)

   Spells                             Type                      Level
   a - Summon Small Mammal            Summoning                    1
   b - Ignite Poison                  Fire/Transmutation/Poison    3
   c - Spellforged Servitor           Conjuration/Summoning        7
   d - Dragon's Call                  Summoning                    9
 I - Sif Muna's Papyrus of Unstable Attacks
   (Sif Muna gifted it to you on level 12 of the Dungeon)

   Spells                             Type                      Level
   a - Magic Dart                     Conjuration                  1
   b - Conjure Flame                  Conjuration/Fire             3
   c - Yara's Violent Unravelling     Hexes/Transmutation          5
   d - Alistair's Intoxication        Transmutation/Poison         5
Miscellaneous
 H - a lamp of fire
Comestibles
 f - 39 rations
 J - 12 chunks of flesh


   Skills:
 - Level 6.0 Fighting
 - Level 1.0(2.0) Short Blades
 - Level 2.8(3.0) Long Blades
 - Level 6.0 Armour
 - Level 4.0 Dodging
 - Level 10.0 Stealth
 - Level 3.4 Shields
 - Level 10.0 Spellcasting
 * Level 18.5 Hexes


You had 26 spell levels left.
You knew the following spells:

 Your Spells              Type           Power        Failure   Level  Hunger
a - Corona                Hex            ######.      0%          1    None
b - Confuse               Hex            ######..     1%          3    None
z - Sublimation of Blood  Necr           #.........   22%         2    None


Dungeon Overview and Level Annotations

Branches:
Dungeon (14/15)            Temple (1/1) D:4            Lair (1/6) D:9
    Orc (0/2) D:10         Vaults (0/5) D:13

Altars:
Ashenzari
Cheibriados
Dithmenos
Elyvilon
Fedhas
Gozag
Hepliaklqana
Kikubaaqudgha
Makhleb
Nemelex Xobeh
Okawaru
Qazlal
Ru
Sif Muna
Trog
Uskayaw
Vehumet
Wu Jian
Xom
Yredelemnul
Zin
The Shining One

Shops:
D:11 =

Portals:
Trove: D:10 (show abyssal rune of Zot)

Annotations:
Lair:1 brujo666's ghost, journeyman KoNe


Innate Abilities, Weirdness & Mutations

You cannot be hasted, slowed, berserked, paralysed or teleported.
You can dig through walls and to a lower floor.
Your four strong arms can wield two-handed weapons with a shield.
You have a pair of large antennae on your head. (SInv)


Message History

The fire dragon closely misses you. x2
The fire dragon tramples you but does no damage.
The fire dragon bites you but does no damage.
The fire dragon closely misses you. The fire dragon completely misses you.
The fire dragon bites you!
The fire dragon claws you but does no damage.
The fire dragon tramples you but does no damage.
The fire dragon bites you but does no damage.
The fire dragon claws you!
The fire dragon tramples you but does no damage.
The fire dragon barely misses you.
The fire dragon claws you but does no damage.
The fire dragon tramples you but does no damage.
The fire dragon bites you. The fire dragon claws you!
The fire dragon tramples you but does no damage.
The fire dragon breathes flames at you. The blast of flame hits you!
You die...

#......†......######
#.......<..........#
#############......#
.............#
.............#
.......#.#####
########.# ######.#
#@#.#..# ##D#.#.#
#####D# #../..$.#
#.......# #.......#
##+######


You could see a fire dragon.

Vanquished Creatures
  A minotaur (Lab)
  Erolcha (D:9)
  A hydra (D:11)
  A centaur warrior (D:8)
  5 vault guards (D:13)
  3 two-headed ogres
  An unseen horror (D:11)
  An orc knight (Bailey)
  2 orc sorcerers
  A cyclops (D:14)
  An ugly thing (D:8)
  2 manticores
  3 centaur zombies
  Joseph (D:7)
  A spiny frog (Lair:1)
  A gargoyle (D:11)
  4 kobold demonologists
  3 tengu conjurers
  3 trolls
  The ghost of milambit the Poker, an amateur MfGl (D:4)
  A hornet (D:12)
  Grinder (D:6)
  Prince Ribbit (D:7)
  7 hippogriffs
  Sigmund (D:3)
  2 redbacks (Lab)
  2 shadows (Lab)
  A wyvern (D:13)
  3 humans (D:13)
  7 yaks
  A basilisk (D:8)
  2 hungry ghosts (D:13)
  3 soldier ants
  An acid dragon (D:13)
  2 porcupines (Lair:1)
  5 sky beasts
  3 phantoms
  15 orc warriors
  5 ogres
  2 necrophages (D:11)
  An ice beast (D:9)
  18 centaurs
  2 big kobolds
  2 crocodiles (Lair:1)
  8 bullfrogs
  A wyvern zombie (D:10)
  8 scorpions
  32 killer bees
  2 howler monkeys
  14 wights
  5 electric eels (Bailey)
  6 crimson imps
  7 bullfrog zombies
  3 gnoll shamans
  A quasit (D:9)
  3 jellies
  4 orc priests
  6 hounds
  7 orc wizards
  2 centaur skeletons
  3 iguanas
  17 worker ants
  A killer bee zombie (D:9)
  A howler monkey zombie (D:8)
  2 worker ant zombies
  28 gnolls
  11 adders
  2 shadow imps
  An ooze (D:4)
  An adder skeleton (D:5)
  5 worms
  5 leopard geckos
  47 orcs
  5 giant cockroaches
  28 goblins
  10 hobgoblins
  15 jackals
  17 kobolds
  A quokka (D:3)
  3 ball pythons
  8 bats
  9 frilled lizards
  A jackal skeleton (D:5)
  A leopard gecko skeleton (D:4)
  A quokka skeleton (D:5)
  A quokka zombie (D:5)
  6 rats
  A fungus (Lair:1)
465 creatures vanquished.

Vanquished Creatures (collateral kills)
  A gnoll (D:7)
1 creature vanquished.

Grand Total: 466 creatures vanquished

Notes
Turn   | Place    | Note
-------+----------+-------------------------------------------
     0 | D:1      | Robohuj the Formicid Enchanter began the quest for the Orb.
     0 | D:1      | Reached XP level 1. HP: 13/13 MP: 3/3
    70 | D:1      | Reached skill level 1 in Fighting
   130 | D:1      | Reached XP level 2. HP: 8/22 MP: 1/5
   815 | D:1      | Reached XP level 3. HP: 27/28 MP: 6/6
   820 | D:1      | Learned a level 3 spell: Confuse
  2378 | D:2      | Reached XP level 4. HP: 35/35 MP: 7/7
  2391 | D:2      | Reached skill level 4 in Hexes
  2719 | D:3      | Noticed Sigmund
  2728 | D:3      | Killed Sigmund
  2728 | D:3      | Reached skill level 5 in Stealth
  2728 | D:3      | Reached XP level 5. HP: 38/43 MP: 4/8
  2728 | D:3      | Reached XP level 6. HP: 44/49 MP: 4/9
  2791 | D:3      | Found a stormy altar of Qazlal.
  3722 | D:4      | Found a staircase to the Ecumenical Temple.
  3737 | D:4      | Reached skill level 5 in Fighting
  3737 | D:4      | Reached skill level 1 in Armour
  3737 | D:4      | Reached XP level 7. HP: 56/56 MP: 10/10
  3841 | D:5      | Entered Level 5 of the Dungeon
  3851 | D:5      | Got a scorched helmet
  4097 | Temple   | Entered the Ecumenical Temple
  4136 | Temple   | Became a worshipper of Sif Muna the Loreminder
  4536 | D:4      | Noticed milambit's ghost (amateur MfGl)
  4670 | D:4      | Found a sacrificial altar of Ru.
  5487 | D:5      | Found a runed door.
  5489 | D:5      | Got a fine ring mail
  5504 | D:5      | Found a runed door.
  5565 | D:5      | Reached skill level 5 in Hexes
  5596 | D:5      | Reached * piety under Sif Muna
  5596 | D:5      | Reached XP level 8. HP: 59/62 MP: 10/13
  5991 | D:6      | Noticed Grinder
  6017 | D:6      | Killed Grinder
  6017 | D:6      | Reached skill level 6 in Hexes
  6124 | D:6      | Found a bloodstained altar of Trog.
  6261 | D:6      | Reached ** piety under Sif Muna
  6261 | D:6      | Reached skill level 5 in Spellcasting
  6501 | D:6      | Reached skill level 7 in Hexes
  6669 | D:6      | Found a sparkling altar of Nemelex Xobeh.
  6786 | D:7      | Reached XP level 9. HP: 39/68 MP: 17/17
  6998 | D:7      | Identified the +2 ring mail of Vozifo {rElec Regen+} (You found it on level 5 of the Dungeon)
  7133 | D:7      | Reached skill level 8 in Hexes
  7356 | D:7      | Noticed Joseph
  7459 | D:7      | Noticed a troll
  7556 | D:7      | Killed a troll
  7556 | D:7      | Reached *** piety under Sif Muna
  7556 | D:7      | Reached skill level 9 in Hexes
  7749 | D:7      | Noticed Prince Ribbit
  7819 | D:7      | HP: 3/68 [poisoned by a killer bee]
  7957 | D:7      | Killed Prince Ribbit
  7957 | D:7      | Reached XP level 10. HP: 74/74 MP: 10/21
  8002 | D:7      | Reached skill level 10 in Hexes
  8225 | D:7      | Found a hazy altar of Hepliaklqana.
  8336 | D:7      | Killed Joseph
  8360 | D:7      | Identified the cursed +0 helmet of Hopscotch {rF+ Int+3} (You found it on level 5 of the Dungeon)
  8398 | D:8      | Reached **** piety under Sif Muna
  8790 | D:8      | Found a flagged portal.
  8837 | Bailey   | Entered a bailey
  8954 | Bailey   | Noticed an orc sorcerer
  8966 | Bailey   | Noticed a sixfirhy
  8980 | Bailey   | Reached skill level 11 in Hexes
  9010 | Bailey   | Killed an orc sorcerer
  9011 | Bailey   | Noticed a kobold demonologist
  9019 | Bailey   | Killed a kobold demonologist
  9151 | Bailey   | Found an iron altar of Okawaru.
  9284 | Bailey   | Reached skill level 12 in Hexes
  9397 | Bailey   | Reached ***** piety under Sif Muna
  9469 | Bailey   | Noticed an orc knight
  9511 | Bailey   | Killed an orc knight
  9511 | Bailey   | Reached XP level 11. HP: 62/79 MP: 15/24
  9563 | Bailey   | Identified Sif Muna's Collected Works on Lucky Shape Shifting (Sif Muna gifted it to you in a bailey)
  9563 | Bailey   | Received a gift from Sif Muna
  9781 | Bailey   | Identified Hare's Collected Works on the Voyage and Sinister Rites
 10270 | D:8      | Reached skill level 13 in Hexes
 10415 | D:8      | Noticed a purple ugly thing
 10437 | D:8      | Killed a purple ugly thing
 10618 | D:8      | Noticed a centaur warrior
 10640 | D:8      | Killed a centaur warrior
 10640 | D:8      | Reached skill level 14 in Hexes
 11068 | D:9      | Found a radiant altar of Vehumet.
 11073 | D:9      | Noticed Erolcha
 11665 | D:4      | Killed milambit's ghost
 11946 | D:9      | Killed Erolcha
 11946 | D:9      | Reached skill level 15 in Hexes
 12192 | D:9      | Found a staircase to the Lair.
 12463 | D:9      | Learned a level 2 spell: Sublimation of Blood
 12528 | Lair:1   | Entered Level 1 of the Lair of Beasts
 12561 | Lair:1   | Noticed brujo666's ghost (journeyman KoNe)
 12628 | Lair:1   | Reached skill level 1 in Long Blades
 12884 | Lair:1   | Found a labyrinth entrance.
 12908 | Lab      | Entered a labyrinth
 13428 | Lab      | Noticed a minotaur
 13479 | Lab      | Killed a minotaur
 13479 | Lab      | Reached XP level 12. HP: 41/86 MP: 8/25
 14842 | D:10     | Entered Level 10 of the Dungeon
 14846 | D:10     | Found a portal to a secret trove of treasure.
 14998 | D:10     | Identified Oworuuh's Tome of Shape Shifting (Sif Muna gifted it to you on level 10 of the Dungeon)
 14998 | D:10     | Received a gift from Sif Muna
 15370 | D:10     | Found a staircase to the Orcish Mines.
 15425 | D:10     | Noticed a two-headed ogre
 15480 | D:10     | Killed a two-headed ogre
 15616 | D:10     | Reached skill level 5 in Armour
 16177 | D:11     | Reached skill level 10 in Spellcasting
 16211 | D:11     | Noticed an unseen horror
 16436 | D:11     | Reached skill level 1 in Shields
 16675 | D:11     | Found Benlay's Jewellery Boutique.
 16676 | D:11     | Noticed a five-headed hydra
 16747 | D:11     | Noticed a two-headed ogre
 16766 | D:11     | Killed a two-headed ogre
 16944 | D:11     | Identified the Incunabulum of Supportive Contamination
 17027 | D:11     | Noticed a two-headed ogre
 17047 | D:11     | Killed a two-headed ogre
 17047 | D:11     | Reached XP level 13. HP: 53/93 MP: 13/27
 17201 | D:11     | Reached skill level 16 in Hexes
 17534 | D:11     | Killed a five-headed hydra
 17925 | D:12     | Reached skill level 10 in Stealth
 18221 | D:12     | Identified Sif Muna's Papyrus of Unstable Attacks (Sif Muna gifted it to you on level 12 of the Dungeon)
 18221 | D:12     | Received a gift from Sif Muna
 18261 | D:12     | Reached skill level 17 in Hexes
 18749 | D:13     | Noticed a vault guard
 18756 | D:13     | Killed a vault guard
 18771 | D:13     | Noticed a vault guard
 18789 | D:13     | Killed a vault guard
 19803 | D:13     | Noticed a vault guard
 19858 | D:13     | Killed a vault guard
 19858 | D:13     | Reached skill level 18 in Hexes
 19929 | D:13     | Found a gate to the Vaults.
 19929 | D:13     | Noticed a vault guard
 19929 | D:13     | Noticed a vault guard
 19953 | D:13     | Killed a vault guard
 19978 | D:13     | Killed a vault guard
 20155 | D:14     | Noticed a fire dragon
 20172 | D:14     | HP: 2/93 [fire dragon/blast of flame (20)]
 20178 | D:14     | HP: 4/93 [fire dragon (7)]
 20179 | D:14     | Killed from afar by a fire dragon

Skill      XL: |  1  2  3  4  5  6  7  8  9 10 11 12 13 |
---------------+----------------------------------------+-----
Fighting       | 1 2 3 4 5 6 |  6.0
Dodging        | 2 3 4 |  4.0
Stealth        | 5 6 7 9 10 | 10.0
Hexes          | 4 5 7 9 12 15 18 | 18.5
Armour         | 1 2 3 6 |  6.0
Spellcasting   | 3 5 7 9 10 | 10.0
Long Blades    | 2 |  2.8
Shields        | 3 |  3.4
Short Blades   | |  1.0

Action                   |  1- 3 |  4- 6 |  7- 9 | 10-12 | 13-15 || total
-------------------------+-------+-------+-------+-------+-------++-------
Melee: Dagger            |   148 |   116 |   294 |   875 |   354 ||  1787
       Spear             |    19 |       |       |       |       ||    19
       Flail             |       |       |    50 |    28 |     5 ||    83
       Short sword       |       |       |    39 |    20 |       ||    59
       Falchion          |       |       |       |    98 |    38 ||   136
       Scimitar          |       |       |       |    46 |       ||    46
 Cast: Corona            |    18 |     4 |    25 |    48 |     9 ||   104
       Confuse           |     6 |     4 |    83 |   168 |    77 ||   338
 Abil: Dig               |     1 |     2 |     6 |    28 |     2 ||    39
Evoke: Wand              |       |       |     2 |     3 |       ||     5
  Use: Scroll            |       |       |     5 |     4 |       ||     9
       Potion            |       |       |     4 |       |     1 ||     5
 Stab: Sleeping          |     9 |    10 |     9 |     8 |     6 ||    42
       Confused          |     1 |     1 |    26 |    80 |    28 ||   136
       Invisible         |       |       |     1 |       |       ||     1
       Paralysed         |       |       |     1 |       |       ||     1
  Eat: Chunk             |     6 |     5 |    18 |    38 |    11 ||    78
       Ration            |       |       |     1 |     1 |     1 ||     3
Armor: Robe              |    14 |    14 |     2 |       |       ||    30
       Ring mail         |       |       |    88 |   266 |   148 ||   502
Dodge: Dodged            |    76 |    68 |   194 |   494 |   195 ||  1027
Block: Buckler           |       |       |       |       |    60 ||    60
       Rpst.: Falchion   |       |       |       |    11 |     4 ||    15
       Scimitar          |       |       |       |     3 |       ||     3
